 Dungeon Crawl Stone Soup version bcrawl-1.40 (webtiles) character file.

Game seed: 3858028283763545043

161543 Mehrunes the Magician (level 8, -9/61 HPs)
             Began as a Mummy Wizard on Oct 25, 2023.
             Was a Follower of Sif Muna.
             Mangled by an orc warrior
             ... wielding a +0 hand axe
              (11 damage)
             ... on level 6 of the Dungeon.
             The game lasted 00:18:29 (8602 turns).

Mehrunes the Magician (Mummy Wizard)                Turns: 8602, Time: 00:18:30

Health: -9/61      AC:  4    Str: 10    XL:     8   Next: 51%
Magic:  15/15      EV: 13    Int: 25    God:    Sif Muna [*.....]
Gold:   396        SH:  0    Dex: 11    Spells: 10/17 levels left

rFire    x . .     GDR:     23% d - +3 dagger
rCold    + . .     SeeInvis .   (no shield)
rNeg     + + +     Gourm    .   b - +0 robe
rPois    ∞         Faith    .   l - +0 helmet
rElec    .         Spirit   .   g - +0 cloak
rCorr    .         Reflect  .   (no gloves)
MR       +....     Clarity  +   (no boots)
Stlth    ++........             f - amulet of rage
HPRegen  0.20/turn              m - +6 ring of intelligence
MPRegen  0.14/turn              (no ring)

@: no status effects
A: no food or potions, fire vulnerability, clarity, cold resistance 1, negative
energy resistance 3, torment resistance, unbreathing, strong hexes 1
a: Divine Energy, Renounce Religion


You were on level 6 of the Dungeon.
You worshipped Sif Muna.
Sif Muna was aware of your devotion.
You were not hungry.

You visited 2 branches of the dungeon, and saw 7 of its levels.

You collected 396 gold pieces.

Inventory:

Hand Weapons
 a - a +0 staff
 d - a +3 dagger (weapon)
 k - a +0 dagger
 v - a +0 short sword of venom
Armour
 b - a +0 robe (worn)
 c - a +0 hat
 g - a +0 cloak (worn)
 l - a +0 helmet (worn)
 p - a +0 buckler
Jewellery
 f - an amulet of rage (around neck)
 j - an uncursed ring of ice
 m - a +6 ring of intelligence (left hand)
Wands
 r - a wand of paralysis (7)
 u - a wand of polymorph (10)
Scrolls
 e - 3 scrolls of teleportation
 h - 4 scrolls of amnesia
 n - a scroll of remove curse
 o - a scroll of immolation {unknown}
 q - a scroll of revelation {unknown}
 s - 2 scrolls of noise
 t - a scroll of enchant weapon {unknown}
 w - a scroll of blinking {unknown}


   Skills:
 + Level 4.9 Fighting
 + Level 3.7 Short Blades
 - Level 3.4 Dodging
 - Level 2.1 Stealth
 + Level 2.6 Shields
 - Level 5.0 Spellcasting
 + Level 4.1 Conjurations
   Level 0.7 Summonings
   Level 0.7 Translocations
 - Level 0.8 Air Magic
 - Level 0.7 Poison Magic


You had 10 spell levels left.
You knew the following spells:

 Your Spells              Type           Power        Failure   Level  Hunger
a - Magic Dart            Conj           ####         1%          1    N/A
b - Conjure Flame         Conj/Fire      ###.....     11%         3    N/A
c - Mephitic Cloud        Conj/Pois/Air  ###.....     11%         3    N/A

Your spell library contained the following spells:

 Spells                   Type           Power        Failure   Level  Hunger
 Blink                    Tloc           N/A          10%         2    N/A
 Call Imp                 Summ           #.....       10%         2    N/A
 Spider Form              Tmut/Pois      Unusable     N/A         3    N/A

Dungeon Overview and Level Annotations

Branches:
Dungeon (6/12)             Temple (1/1) D:4

Altars:
Ashenzari
Cheibriados
Dithmenos
Gozag
Hepliaklqana
Kikubaaqudgha
Lugonu
Makhleb
Nemelex Xobeh
Okawaru
Qazlal
Ru
Sif Muna
Trog
Uskayaw
Vehumet
Wu Jian
Xom
Yredelemnul

Annotations:
D:3 1 runed translucent door, aeroqp's ghost, amateur NaTm
D:4 Grinder


Innate Abilities, Weirdness & Mutations

You do not eat or drink.
Your flesh is vulnerable to fire.
You are immune to poison.
You possess an exceptional clarity of mind.
Your flesh is cold resistant. (rC+)
You are immune to negative energy. (rN+++)
You are immune to unholy pain and torment.
You can survive without breathing.
Your hexes are more powerful.


Message History

A gnoll comes into view. It is wielding a +0 halberd.
The gnoll hits you but does no damage. The bullfrog barely misses you.
The gnoll hits you but does no damage. The gnoll closely misses you.
The bullfrog hits you. The bullfrog hits you!
The orc warrior closely misses you. The gnoll misses you.
The wight closely misses you. The bullfrog hits you!
The bullfrog hits you but does no damage.
The bullfrog closely misses you. The gnoll misses you.
The gnoll closely misses you.
The orc warrior hits you with a +0 hand axe!
* * * LOW HITPOINT WARNING * * *
The bullfrog closely misses you.
You hit the orc warrior but do no damage.
The ogre closely misses you. The bullfrog hits you.
* * * LOW HITPOINT WARNING * * *
The gnoll barely misses you. The orc warrior closely misses you.
The gnoll closely misses you. The gnoll misses you.
The orc warrior hits you with a +0 hand axe!
You die...

.. ..[..... #
#.....#..###
..............
..##.#........# #..
....?......# ###.......
#...[..... ....
###.....#...
....##Y@og<..#.... ....
......OFgW........##....
......g.gz........#.....
........F.z.............
...........##...........
..........o#........#.".
...........z.......##...
...........Y.......#...#
..#.######..............


You could see a hungry ghost, 2 orc warriors, an ice beast, a sky beast, an
ogre, 2 bullfrogs, 3 wights and 4 gnolls.

Vanquished Creatures
  Sigmund (D:4)
  A sky beast (D:5)
  A phantom (D:6)
  2 ogres
  A kobold brigand (D:6)
  3 scorpions (D:4)
  A wight (D:6)
  5 orc priests
  3 crimson imps
  A bullfrog zombie (D:5)
  2 hounds
  Ijyb (D:5)
  4 orc wizards
  2 worker ants
  Robin (D:2)
  A worker ant zombie (D:5)
  An adder (D:5)
  3 dart slugs
  4 leopard geckos
  12 orcs
  6 giant cockroaches
  11 hobgoblins
  8 jackals
  10 kobolds
  2 quokkas (D:3)
  7 ball pythons (D:1)
  6 bats
  2 frilled lizards (D:2)
  10 goblins
  2 rats (D:1)
114 creatures vanquished.

Vanquished Creatures (collateral kills)
  An iguana (D:4)
1 creature vanquished.

Grand Total: 115 creatures vanquished

Notes
Turn   | Place    | Note
-------+----------+-------------------------------------------
     0 | D:1      | Mehrunes the Mummy Wizard began the quest for the Orb.
     0 | D:1      | Reached XP level 1. HP: 13/13 MP: 5/5
   104 | D:1      | Reached skill level 1 in Conjurations
   106 | D:1      | Reached XP level 2. HP: 20/20 MP: 0/7
   431 | D:1      | Reached skill level 1 in Fighting
   690 | D:1      | Reached XP level 3. HP: 26/26 MP: 6/8
   694 | D:1      | Learned a level 3 spell: Conjure Flame
   698 | D:1      | Learned a level 3 spell: Mephitic Cloud
  1720 | D:2      | Noticed Robin
  1735 | D:2      | Killed Robin
  1736 | D:2      | Reached XP level 4. HP: 24/32 MP: 2/10
  2128 | D:3      | Noticed aeroqp's ghost (amateur NaTm)
  2133 | D:3      | Found a runed translucent door.
  2641 | D:3      | Found a shattered altar of Ashenzari.
  2796 | D:3      | Reached XP level 5. HP: 25/38 MP: 9/12
  3229 | D:3      | Reached skill level 1 in Short Blades
  3465 | D:4      | Found a staircase to the Ecumenical Temple.
  3474 | Temple   | Entered the Ecumenical Temple
  3697 | Temple   | Became a worshipper of Sif Muna the Loreminder
  3774 | D:4      | Reached skill level 5 in Spellcasting
  3926 | D:4      | Noticed Sigmund
  3953 | D:4      | Reached XP level 6. HP: 39/46 MP: 3/13
  3957 | D:4      | Killed Sigmund
  3990 | D:3      | Reached XP level 7. HP: 50/52 MP: 2/14
  4877 | D:4      | Noticed Grinder
  5334 | D:4      | Found a staircase to the Ecumenical Temple.
  5837 | D:4      | Found a staircase to the Ecumenical Temple.
  6274 | D:4      | Found a staircase to the Ecumenical Temple.
  6622 | D:5      | Entered Level 5 of the Dungeon
  6626 | D:5      | Found a radiant altar of Vehumet.
  6749 | D:5      | Reached skill level 1 in Shields
  6986 | D:5      | Reached XP level 8. HP: 51/60 MP: 10/15
  7599 | D:5      | Noticed Ijyb
  7618 | D:5      | Killed Ijyb
  7712 | D:5      | Reached * piety under Sif Muna
  8583 | D:6      | Identified the +9 war axe of Reason {speed, *Slow rC+++
                  | Int-5 SInv}
  8601 | D:6      | HP: 2/61 [bullfrog (6)]
  8602 | D:6      | Mangled by an orc warrior

Skill      XL: |  1  2  3  4  5  6  7  8 |
---------------+-------------------------+-----
Conjurations   | 1 2 3 4 |  4.1
Fighting       | 1 2 3 4 |  4.9
Dodging        | 2 3 |  3.4
Short Blades   | 1 2 3 |  3.7
Spellcasting   | 5 |  5.0
Shields        | 1 2 |  2.6
Stealth        | |  2.1
Summonings     | |  0.7
Translocations | |  0.7
Air Magic      | |  0.8
Poison Magic   | |  0.7

Action                   |  1- 3 |  4- 6 |  7- 9 || total
-------------------------+-------+-------+-------++-------
Melee: Dagger            |    28 |   133 |    92 ||   253
       Staff             |     6 |       |       ||     6
       Short sword       |       |       |    18 ||    18
 Cast: Magic Dart        |   105 |    46 |    69 ||   220
       Mephitic Cloud    |     2 |    13 |    18 ||    33
       Conjure Flame     |       |       |     3 ||     3
Evoke: Wand              |       |       |     3 ||     3
  Use: Scroll            |     2 |       |     2 ||     4
 Stab: Confused          |     3 |     7 |     7 ||    17
       Paralysed         |       |       |     4 ||     4
Armor: Robe              |    13 |    35 |    26 ||    74
Dodge: Dodged            |    44 |    95 |    73 ||   212
